BSA
AUSTIN RIVER SHARKS @ IRVINE GANG GREEN
05/17/2028
 
TOP OF THE 1ST
Austin River Sharks batting - Pitching for Irvine Gang Green : LHP Masutaro Koyama
Pitching: LHP Masutaro Koyama
Batting: RHB Todd Bryant 0-0: Called Strike
0-1: Ball
1-1: Ground out 3-1 (Groundball, 34S)
Batting: RHB Richard Coker 0-0: Called Strike
0-1: Ball
1-1: Ball
2-1: Foul Ball, location: 2F
2-2: Strikes out swinging
Batting: LHB Greg Nelson 0-0: Foul Ball, location: 2F
0-1: Ball
1-1: Swinging Strike
1-2: Ball
2-2: Strikes out swinging
Top of the 1st over - 0 run(s), 0 hit(s), 0 error(s), 0 left on base; Austin 0 - Irvine 0
BOTTOM OF THE 1ST
Irvine Gang Green batting - Pitching for Austin River Sharks : RHP Hiroshige Yamada
Pitching: RHP Hiroshige Yamada
Batting: RHB Tom Doherty 0-0: Ball
1-0: Ball
2-0: Foul Ball, location: 2F
2-1: Ground out 5-3 (Groundball, 5)
Batting: RHB Buck Jones 0-0: Ball
1-0: Foul Ball, location: 2F
1-1: DOUBLE (Groundball, 5L)
Batting: LHB José Sánchez 0-0: Ball
1-0: Ball
2-0: Called Strike
2-1: Foul Ball, location: 2F
2-2: Ground out 4-3 (Groundball, 4)
Buck Jones to third
Batting: RHB Eichiro Yamamoto 0-0: Foul Ball, location: 2F
0-1: Ball
1-1: Fly out, F9 (Flyball, 9LS)
Bottom of the 1st over - 0 run(s), 1 hit(s), 0 error(s), 1 left on base; Austin 0 - Irvine 0
TOP OF THE 2ND
Austin River Sharks batting - Pitching for Irvine Gang Green : LHP Masutaro Koyama
Batting: RHB Manny Copriviza 0-0: Called Strike
0-1: Ball
1-1: Foul Ball, location: 2F
1-2: Strikes out swinging
Batting: LHB Harry Pitts 0-0: Called Strike
0-1: Ball
1-1: Swinging Strike
1-2: Strikes out swinging
Batting: RHB Carlos Guzmán 0-0: Swinging Strike
0-1: Ball
1-1: Fly out, F8 (Flyball, 8RM)
Top of the 2nd over - 0 run(s), 0 hit(s), 0 error(s), 0 left on base; Austin 0 - Irvine 0
BOTTOM OF THE 2ND
Irvine Gang Green batting - Pitching for Austin River Sharks : RHP Hiroshige Yamada
Batting: LHB Víctor Quiñones 0-0: Ball
1-0: Foul Ball, location: 2F
1-1: Ball
2-1: Called Strike
2-2: Ball
3-2: Foul Ball, location: 2F
3-2: Foul Ball, location: 2F
3-2: Ground out 6-3 (Groundball, 6)
Batting: RHB José Salazar 0-0: Ball
1-0: Foul Ball, location: 2F
1-1: Ball
2-1: Fly out, F8 (Flyball, 8LXD)
Batting: LHB Jorge Martínez 0-0: Ball
1-0: Called Strike
1-1: Ball
2-1: Foul Ball, location: 2F
2-2: Ball
3-2: SINGLE (Flyball, 7S)
Batting: RHB Aaron Wilson 0-0: Called Strike
0-1: Fly out, F8 (Flyball, 8RS)
Bottom of the 2nd over - 0 run(s), 1 hit(s), 0 error(s), 1 left on base; Austin 0 - Irvine 0
TOP OF THE 3RD
Austin River Sharks batting - Pitching for Irvine Gang Green : LHP Masutaro Koyama
Batting: LHB José Liñares 0-0: Swinging Strike
0-1: Ball
1-1: Ball
2-1: Foul Ball, location: 2F
2-2: Strikes out swinging
Batting: RHB Eric Neal 0-0: Swinging Strike
0-1: Foul Ball, location: 2F
0-2: Ball
1-2: Ball
2-2: Ball
3-2: Strikes out swinging
Batting: RHB Teddy Bates 0-0: Ball
1-0: Called Strike
1-1: Called Strike
1-2: Ball
2-2: Strikes out looking
Top of the 3rd over - 0 run(s), 0 hit(s), 0 error(s), 0 left on base; Austin 0 - Irvine 0
BOTTOM OF THE 3RD
Irvine Gang Green batting - Pitching for Austin River Sharks : RHP Hiroshige Yamada
Batting: LHB Tony Tavárez 0-0: Ball
1-0: Ball
2-0: Called Strike
2-1: SINGLE (Groundball, 4D)
Batting: RHB Tom Doherty 0-0: Ball
1-0: SINGLE (Groundball, 56D)
Tony Tavárez to second
Batting: RHB Buck Jones 0-0: Ball
Wild Pitch!
Tony Tavárez to third
Tom Doherty to second
1-0: Ball
2-0: Foul Ball, location: 2F
2-1: Ball
3-1: Base on Balls
Batting: LHB José Sánchez 0-0: Called Strike
0-1: Foul Ball, location: 2F
0-2: Ball
1-2: SINGLE (Line Drive, 4MD)
Tony Tavárez scores
Tom Doherty to third
Buck Jones to second
Batting: RHB Eichiro Yamamoto 0-0: Called Strike
0-1: Called Strike
0-2: Strikes out looking
Batting: LHB Víctor Quiñones 0-0: Ball
1-0: Ball
2-0: Ball
3-0: Base on Balls
Tom Doherty scores
Buck Jones to third
José Sánchez to second
Batting: RHB José Salazar 0-0: Foul Ball, location: 2F
0-1: Grounds into double play, 6-4-3 (Groundball, 6M)
Bottom of the 3rd over - 2 run(s), 3 hit(s), 0 error(s), 2 left on base; Austin 0 - Irvine 2
TOP OF THE 4TH
Austin River Sharks batting - Pitching for Irvine Gang Green : LHP Masutaro Koyama
Batting: RHB Todd Bryant 0-0: Called Strike
0-1: Ball
1-1: Reached on error, E4 (Groundball, 4)
Batting: RHB Richard Coker 0-0: Ball
1-0: Foul Ball, location: 2F
1-1: Foul Ball, location: 2F
1-2: Foul Ball, location: 2F
1-2: Ball
2-2: Fly out, F9 (Flyball, 9S)
Batting: LHB Greg Nelson 0-0: Fly out, F9 (Flyball, 9D)
Runner from 2nd tags up, SAFE at 3rd, no throw
Batting: RHB Manny Copriviza 0-0: Called Strike
0-1: Fly out, F5 (Line Drive, 5S)
Top of the 4th over - 0 run(s), 0 hit(s), 1 error(s), 1 left on base; Austin 0 - Irvine 2
BOTTOM OF THE 4TH
Irvine Gang Green batting - Pitching for Austin River Sharks : RHP Hiroshige Yamada
Batting: LHB Jorge Martínez 0-0: Ball
1-0: Ball
2-0: Foul Ball, location: 2F
2-1: Ball
3-1: Fly out, F8 (Flyball, 8LM)
Batting: RHB Aaron Wilson 0-0: Ball
1-0: Ball
2-0: Called Strike
2-1: Swinging Strike
2-2: Foul Ball, location: 2F
2-2: Ball
3-2: Foul Ball, location: 2F
3-2: Strikes out swinging
Batting: LHB Tony Tavárez 0-0: Fly out, F8 (Flyball, 8LM)
Bottom of the 4th over - 0 run(s), 0 hit(s), 0 error(s), 0 left on base; Austin 0 - Irvine 2
TOP OF THE 5TH
Austin River Sharks batting - Pitching for Irvine Gang Green : LHP Masutaro Koyama
Batting: LHB Harry Pitts 0-0: Swinging Strike
0-1: Ball
1-1: Ball
2-1: Called Strike
2-2: Strikes out swinging
Batting: RHB Carlos Guzmán 0-0: Called Strike
0-1: Foul Ball, location: 2F
0-2: Ball
1-2: Ball
2-2: Foul Ball, location: 2F
2-2: Strikes out swinging
Batting: LHB José Liñares 0-0: Ball
1-0: Called Strike
1-1: Foul Ball, location: 2F
1-2: Foul Ball, location: 2F
1-2: Strikes out looking
Top of the 5th over - 0 run(s), 0 hit(s), 0 error(s), 0 left on base; Austin 0 - Irvine 2
BOTTOM OF THE 5TH
Irvine Gang Green batting - Pitching for Austin River Sharks : RHP Hiroshige Yamada
Batting: RHB Tom Doherty 0-0: Called Strike
0-1: Foul Ball, location: 2F
0-2: Ball
1-2: Strikes out swinging
Batting: RHB Buck Jones 0-0: Ground out 5-3 (Groundball, 56)
Batting: LHB José Sánchez 0-0: Fly out, F6 (Popup, 6)
Bottom of the 5th over - 0 run(s), 0 hit(s), 0 error(s), 0 left on base; Austin 0 - Irvine 2
TOP OF THE 6TH
Austin River Sharks batting - Pitching for Irvine Gang Green : LHP Masutaro Koyama
Batting: RHB Eric Neal 0-0: Foul Ball, location: 2F
0-1: Ball
1-1: Foul Ball, location: 2F
1-2: Ground out 5-3 (Groundball, 2L)
Batting: RHB Teddy Bates 0-0: Foul Ball, location: 2F
0-1: Ball
1-1: Ball
2-1: Swinging Strike
2-2: DOUBLE (Groundball, 5L)
Batting: RHB Todd Bryant 0-0: Ball
1-0: Fly out, F4 (Line Drive, 4MS)
Batting: RHB Richard Coker 0-0: Ball
1-0: Called Strike
1-1: Fly out, F8 (Flyball, 8LS)
Top of the 6th over - 0 run(s), 1 hit(s), 0 error(s), 1 left on base; Austin 0 - Irvine 2
BOTTOM OF THE 6TH
Irvine Gang Green batting - Pitching for Austin River Sharks : RHP Hiroshige Yamada
Batting: RHB Eichiro Yamamoto 0-0: Ground out 4-3 (Groundball, 34)
Batting: LHB Víctor Quiñones 0-0: Ball
1-0: Foul Ball, location: 2F
1-1: Foul Ball, location: 2F
1-2: Ball
2-2: Ball
3-2: Fly out, F9 (Flyball, 9LS)
Batting: RHB José Salazar 0-0: Called Strike
0-1: Ball
1-1: Ball
2-1: Ball
3-1: Called Strike
3-2: Ground out 5-3 (Groundball, 56)
Bottom of the 6th over - 0 run(s), 0 hit(s), 0 error(s), 0 left on base; Austin 0 - Irvine 2
TOP OF THE 7TH
Austin River Sharks batting - Pitching for Irvine Gang Green : LHP Masutaro Koyama
Batting: LHB Greg Nelson 0-0: Called Strike
0-1: Foul Ball, location: 2F
0-2: Ball
1-2: Foul Ball, location: 2F
1-2: Ground out 4-3 (Groundball, 4S)
Batting: RHB Manny Copriviza 0-0: Foul Ball, location: 2F
0-1: Ball
1-1: Hit by Pitch
Batting: LHB Harry Pitts 0-0: Ball
1-0: Called Strike
1-1: Foul Ball, location: 2F
1-2: Strikes out swinging
Batting: RHB Carlos Guzmán 0-0: Fielders Choice at 2nd, 5-4 (Groundball, 5)
Top of the 7th over - 0 run(s), 0 hit(s), 0 error(s), 0 left on base; Austin 0 - Irvine 2
BOTTOM OF THE 7TH
Irvine Gang Green batting - Pitching for Austin River Sharks : RHP Hiroshige Yamada
Batting: LHB Jorge Martínez 0-0: SINGLE (Popup, 6D)
Batting: RHB Aaron Wilson 0-0: Sac Bunt - play at first, batter OUT! 5-3
Jorge Martínez to second
Batting: LHB Tony Tavárez 0-0: Ball
1-0: Ball
2-0: Foul Ball, location: 2F
2-1: Ball
3-1: Ground out 4-3 (Groundball, 4)
Jorge Martínez to third
Batting: RHB Tom Doherty 0-0: Foul Ball, location: 2F
0-1: Ground out 4-3 (Groundball, 4)
Bottom of the 7th over - 0 run(s), 1 hit(s), 0 error(s), 1 left on base; Austin 0 - Irvine 2
TOP OF THE 8TH
Austin River Sharks batting - Pitching for Irvine Gang Green : LHP Masutaro Koyama
Batting: LHB José Liñares 0-0: Fly out, F4 (Line Drive, 4)
Batting: RHB Eric Neal 0-0: Called Strike
0-1: Ball
1-1: Fly out, F8 (Flyball, 8RD)
Batting: RHB Teddy Bates 0-0: Called Strike
0-1: Swinging Strike
0-2: Strikes out swinging
Top of the 8th over - 0 run(s), 0 hit(s), 0 error(s), 0 left on base; Austin 0 - Irvine 2
BOTTOM OF THE 8TH
Irvine Gang Green batting - Pitching for Austin River Sharks : RHP Hiroshige Yamada
Pitching: RHP José Salinas
Batting: RHB Buck Jones 0-0: Ball
1-0: Ball
2-0: Called Strike
2-1: Ball
3-1: Foul Ball, location: 2F
3-2: Foul Ball, location: 2F
3-2: Strikes out swinging
Batting: LHB José Sánchez 0-0: Swinging Strike
0-1: Swinging Strike
0-2: Ball
1-2: Ball
2-2: Ground out 4-3 (Groundball, 34)
Batting: RHB Eichiro Yamamoto 0-0: Ball
1-0: Ball
2-0: Foul Ball, location: 2F
2-1: Ball
3-1: Foul Ball, location: 2F
3-2: Strikes out looking
Bottom of the 8th over - 0 run(s), 0 hit(s), 0 error(s), 0 left on base; Austin 0 - Irvine 2
TOP OF THE 9TH
Austin River Sharks batting - Pitching for Irvine Gang Green : LHP Masutaro Koyama
Batting: RHB Todd Bryant 0-0: Ball
1-0: Called Strike
1-1: Foul Ball, location: 2F
1-2: Foul Ball, location: 2F
1-2: Strikes out looking
Pitching: RHP Mike Fisher
Batting: RHB Richard Coker 0-0: Ball
1-0: Called Strike
1-1: Foul Ball, location: 2F
1-2: Strikes out swinging
Batting: LHB Greg Nelson 0-0: Ball
1-0: Foul Ball, location: 2F
1-1: Ball
2-1: Called Strike
2-2: Ball
3-2: Strikes out looking
Top of the 9th over - 0 run(s), 0 hit(s), 0 error(s), 0 left on base; Austin 0 - Irvine 2
Tuesday, August 8th, 2017 - OOTP Baseball 17.12 Build 75